 Dungeon Crawl Stone Soup version 0.31-a0-354-g827e0957a7 (webtiles) character file.

Game seed: 15472774802423866192

269 LeprechaunX the Ruffian (level 6, -4/41 HPs)
             Began as an Octopode Shapeshifter on July 24, 2023.
             Slain by a sleepcap (6 damage)
             ... on level 5 of the Dungeon.
             The game lasted 00:03:06 (2515 turns).

LeprechaunX the Ruffian (Octopode Shapeshifter)     Turns: 2515, Time: 00:03:07

Health: -4/41      AC:  1    Str: 16    XL:     6   Next: 22%
Magic:  6/6        EV: 14    Int: 10    God:
Gold:   112        SH:  5    Dex: 13    Spells: 5/5 levels left

rFire   . .          .
                       - Unarmed
rCold   . . .        (no shield)
rNeg    . . .        (helmet currently unavailable)
rPois   .            c - amulet of reflection
rElec   .            (no ring)
rCorr   .            (no ring)
SInv    .            (no ring)
Will    .....        (no ring)
Stlth   ++           (no ring)
HPRegen 0.26/turn    (no ring)
MPRegen 0.10/turn    (no ring)
                     (no ring)

%: reflection
@: beast-form
A: beast (slay +2), almost no armour, amphibious, 8 rings, camouflage 1,
gelatinous body 1, (nimble swimmer 1), tentacles
a: Begin Untransformation


You were on level 5 of the Dungeon.
You were a hulking beast.
You visited 1 branch of the dungeon, and saw 5 of its levels.

You collected 112 gold pieces.

Inventory:

Jewellery
 c - an amulet of reflection (around mantle)
 f - a ring of fire
 j - a +6 ring of intelligence
Talismans
 b - a beast talisman
Wands
 h - a wand of flame (28)
Scrolls
 d - 2 scrolls of fog {unknown}
 e - 2 scrolls of amnesia {unknown}
 k - a scroll of teleportation {unknown}
 l - a scroll of poison {unknown}
 m - a scroll of enchant weapon {unknown}
 p - a scroll of revelation {unknown}
 r - a scroll of fear {unknown}
 s - a scroll of identify {unknown}
Potions
 a - 3 potions of lignification
 g - a potion of attraction {unknown}
 i - a potion of enlightenment {unknown}
 n - 2 potions of curing {unknown}
 o - a potion of invisibility {unknown}
 q - a potion of heal wounds {unknown}


   Skills:
 + Level 2.7 Fighting
 + Level 3.3 Dodging
 * Level 4.8 Unarmed Combat
 + Level 3.7 Shapeshifting


You had 5 spell levels left.
You didn't know any spells.
Your spell library contained the following spells:

 Spells                   Type           Power      Damage    Failure   Level
 Freeze                   Ice            0%         1d3       36%         1
 Frozen Ramparts          Ice            0%         1d1       75%         3
 Hailstorm                Conj/Ice       0%         3d3       75%         3


Dungeon Overview and Level Annotations

Branches:
Dungeon (5/15)
 Temple: D:4-7

Altars:
Vehumet

Shops:
D:1 [


Innate Abilities, Weirdness & Mutations

You are a hulking beast.
Your limbs bulge with bestial killing power. (Slay +2)
You cannot wear most types of armour.
You are amphibious.
You can wear up to eight rings at the same time.
Your skin changes colour to match your surroundings (Stealth+).
Your rubbery body absorbs attacks. (AC +1, EV +1)
((You are camouflaged when in or above water. (Stealth+)))
You have tentacles for arms and can constrict up to eight enemies at once.


Message History

You constrict the orc. The sleepcap misses you. The orc misses you. x2
You release your grip on the orc.
The orc hits you with a +0 war axe. The sleepcap closely misses you.
The orc closely misses you. The orc hits you with a +0 club.
The quokka barely misses you.
You slide downwards.
The hatch slams shut behind you.
Found 4 stones.
Unknown command.
The quokka attacks as you move away! The quokka misses you.
The gnoll shouts! x3
The sleepcap completely misses you. The orc closely misses you.
You block the gnoll's attack. The gnoll misses you.
The gnoll barely misses you. The orc attacks as you move away!
You block the orc's attack. The orc hits you with a +0 club.
The gnoll hits you from afar with a +0 halberd!
The gnoll barely misses you.
You open the door. The orc completely misses you.
The sleepcap barely misses you. The orc hits you with a +0 club.
The gnoll barely misses you. The gnoll hits you with a +0 whip!
* * * LOW HITPOINT WARNING * * *
The sleepcap attacks as you move away! The sleepcap releases spores at you.
* * * LOW HITPOINT WARNING * * *
The gnoll barely misses you. You block the gnoll's attack.
There is an open door here.
The orc attacks as you move away! The orc closely misses you.
Found a stone staircase leading up.
You barely miss the orc. Your grab misses the orc.
The orc is heavily wounded.
The orc closely misses you.
You tentacle-slap the sleepcap. You grab the sleepcap.
The sleepcap is lightly damaged.
You constrict the sleepcap. The sleepcap barely misses you.
The orc hits you with a +0 whip.
* * * LOW HITPOINT WARNING * * *
You release your grip on the sleepcap.
The sleepcap attacks as you move away! The sleepcap completely misses you.
The orc attacks as you move away! The orc hits you with a +0 whip.
* * * LOW HITPOINT WARNING * * *
The sleepcap attacks as you move away! The sleepcap releases spores at you.
You die...

# #. #+## # #.
##...## #.###.#
##.....## #......
##.......##
##...####g(.......#
#....hf.gog.......+
........o.#or.......#
#.##..###.##.......##
#<. #.###.....## #.
#.# ##...## .. #.#
#+## .# #.# .. #.#


You could see a sleepcap, 3 gnolls, 3 orcs and a quokka.

Vanquished Creatures
  Jessica (D:3)
  Natasha (twice) (D:3)
  Robin (D:3)
  4 gnolls (D:3)
  6 adders (D:2)
  3 worms (D:2)
  5 orcs
  7 endoplasms
  3 giant cockroaches
  11 goblins
  5 hobgoblins
  2 jackals (D:3)
  8 kobolds
  2 quokkas
  6 ball pythons
  5 bats
  5 frilled lizards
  5 rats
81 creatures vanquished.

Notes
Turn   | Place    | Note
-------+----------+-------------------------------------------
     0 | D:1      | LeprechaunX the Octopode Shapeshifter began the quest for
                  | the Orb.
     0 | D:1      | Reached XP level 1. HP: 13/13 MP: 1/1
   144 | D:1      | Reached XP level 2. HP: 18/18 MP: 2/2
   280 | D:1      | Found Urederch's Armour Shop.
   839 | D:2      | Reached XP level 3. HP: 21/23 MP: 3/3
   950 | D:2      | Reached XP level 4. HP: 14/29 MP: 4/4
  1155 | D:2      | Found a faded altar of an unknown god.
  1232 | D:2      | Found a radiant altar of Vehumet.
  1312 | D:2      | Reached skill level 4 in Unarmed Combat
  1657 | D:3      | Noticed Robin
  1666 | D:3      | Reached XP level 5. HP: 30/34 MP: 5/5
  1673 | D:3      | Killed Robin
  1737 | D:3      | Noticed Natasha
  1742 | D:3      | Killed Natasha
  1803 | D:3      | Noticed Natasha
  1810 | D:3      | Killed Natasha
  1885 | D:3      | Reached XP level 6. HP: 14/41 MP: 6/6
  1891 | D:3      | Noticed Jessica
  1903 | D:3      | Killed Jessica
  2479 | D:4      | Noticed a black bear
  2505 | D:5      | Entered Level 5 of the Dungeon
  2514 | D:5      | HP: 2/41 [orc/+0 whip (1)]
  2515 | D:5      | Slain by a sleepcap

Illustrated notes

Levels and vault maps discovered:
D:1:      evilmike_arrival_plus, layout_loops_ring, serial_shops,
          nicolae_shop_just_a_little_nook
D:2:      layout_loops_ring, nicolae_ecumenical_snake_handling, basic_altar,
          grunt_ministairs_1, minmay_cupped
D:3:      layout_basic, uniq_jessica, uniq_robin, uniq_natasha
D:4:      wad_lake_hut, layout_basic
D:5:      layout_loops_corners, gammafunk_temple_overflow_wave,
          minmay_temple_entry_enclosed_plants, minmay_tree_intersection

Skill      XL: |  1  2  3  4  5 |
---------------+----------------+-----
Fighting       | 2 |  2.7
Unarmed Combat | 4 |  4.8
Dodging        | 3 |  3.3
Shapeshifting  | |  3.7

Action                     |  1- 3 |  4- 6 || total
---------------------------+-------+-------++-------
  Melee: Unarmed           |    53 |    96 ||   149
         Constrict         |    12 |    25 ||    37
         Tentacles         |     5 |    15 ||    20
         Punch             |     1 |     3 ||     4
   Stab: Sleeping          |     8 |     4 ||    12
 Armour: Skin              |     3 |     4 ||     7
  Dodge: Dodged            |    15 |    61 ||    76
  Block: Other             |     6 |    16 ||    22

Table legend: (Time is in decaauts)
 A = Elapsed time spent in this place.
 B = Non-inter-level travel time spent in this place.
 C = Inter-level travel time spent in this place.
 D = Time resting spent in this place.
 E = Time spent auto-exploring this place.
 F = Levels seen in this place.
 G = Mean time per level.
                   A        B        C        D        E       F      G
               +--------+--------+--------+--------+--------+-----+--------+
         Total |   2501 |   2368 |    133 |     46 |   1821 |   5 |  500.2 |
       Dungeon |   2501 |   2368 |    133 |     46 |   1821 |   5 |  500.2 |
               +--------+--------+--------+--------+--------+-----+--------+

Top non-repeatable levels by time:
     D:3: 944 daAuts
     D:1: 765 daAuts
     D:2: 756 daAuts
     D:4: 25 daAuts
     D:5: 9 daAuts
